 Dungeon Crawl Stone Soup version 0.17-a0-2064-g265a032 (webtiles) character file.

168 sanek213 the Poker (level 5, -6/46 HPs)
             Began as a Minotaur Gladiator on Oct 12, 2015.
             Mangled by Menkaure (11 damage)
             ... on level 4 of the Dungeon.
             The game lasted 00:11:16 (2259 turns).

sanek213 the Poker (Minotaur Gladiator)             Turns: 2259, Time: 00:11:16

Health: -6/46      AC:  4    Str: 20      XL:     5   Next: 23%
Magic:  4/4        EV: 13    Int:  4 (5)  God:
Gold:   131        SH:  0    Dex: 11      Spells: 0 memorised, 4 levels left

rFire  . . .     SeeInvis .     a - +0 trident
rCold  . . .     Clarity  .     b - +1 leather armour
rNeg   . . .     SustAt   .     (no shield)
rPois  .         Gourm    .     c - +0 hat
rElec  .         Spirit   .     (no cloak)
rCorr  .         Warding  .     (no gloves)
rMut   .         Stasis   .     (no boots)
MR     .....                    (no amulet)
Stlth  +.........               (no ring)
                                (no ring)

@: not resistant to hostile enchantments, very unstealthy
A: retaliatory headbutt, horns 2
a: no special abilities


You were on level 4 of the Dungeon.
You were not hungry.

You visited 1 branch of the dungeon, and saw 4 of its levels.

You collected 131 gold pieces.

Inventory:

Hand Weapons
 a - a +0 trident (weapon)
Missiles
 d - 3 throwing nets (quivered)
Armour
 b - a +1 leather armour (worn)
 c - a +0 hat (worn)
 g - a +0 leather armour
 n - a +0 chain mail
 r - a cursed +0 ring mail
 t - a cursed -1 plate armour
Jewellery
 i - a cursed ring of loudness
Scrolls
 h - a scroll of teleportation
 m - 2 scrolls of remove curse
 s - a scroll of recharging
Potions
 f - a potion of heal wounds {unknown}
 k - 2 potions of degeneration
 o - a potion of curing
 p - a potion of magic {unknown}
Comestibles
 e - 2 bread rations
 j - 2 slices of pizza
 l - a meat ration
 q - a beef jerky


   Skills:
 * Level 4.3 Fighting
 + Level 4.5 Polearms
 - Level 2.3 Throwing
 + Level 2.3 Armour
 + Level 4.1 Dodging


You had 4 spell levels left.
You didn't know any spells.

Dungeon Overview and Level Annotations

Branches:
Dungeon (4/15)
 Temple: D:4-7

Altars:
Elyvilon
Vehumet
Xom

Annotations:
D:4 Menkaure


Innate Abilities, Weirdness & Mutations

You reflexively headbutt those who attack you in melee.
You have a pair of horns on your head.


Message History

Menkaure is moderately damaged.
Menkaure misses you. You furiously retaliate!
You headbutt Menkaure. You hit Menkaure.
Menkaure is heavily damaged.
Menkaure mumbles some strange words.
Menkaure seems to speed up.
You hit Menkaure. You headbutt Menkaure.
Menkaure is almost destroyed.
Menkaure closely misses you.
You hit Menkaure.
Menkaure is almost destroyed.
Menkaure rustles a few words.
Menkaure misses you. You furiously retaliate!
You headbutt Menkaure. Menkaure hits you!!
* * * LOW HITPOINT WARNING * * *
You barely miss Menkaure.
You headbutt Menkaure, but do no damage.
Menkaure is almost destroyed.
Menkaure hits you!
You die...

..... ... ..... ...
.....##.# #.....>.#
#...|...( ###.......#
.........M###.#
#........@<..###
#.#######:##...?.
..#####.####.......#!..
..........##.......# .
######.#..........#
########.####.......#
.........# #.......#
.........# #.......#
.....(..## #.......#


You could see Menkaure.

Vanquished Creatures
  2 worker ants (D:3)
  Robin (D:2)
  3 adders
  An ooze (D:3)
  2 worms
  4 giant geckos
  3 orcs (D:3)
  8 bats
  5 giant cockroaches
  6 hobgoblins
  2 ball pythons
  3 giant newts
  16 goblins
  3 jackals (D:3)
  5 kobolds
  8 rats
72 creatures vanquished.

Notes
Turn   | Place    | Note
--------------------------------------------------------------
     0 | D:1      | sanek213 the Minotaur Gladiator began the quest for the Orb.
     0 | D:1      | Reached XP level 1. HP: 18/18 MP: 0/0
   183 | D:1      | Reached XP level 2. HP: 25/25 MP: 1/1
   887 | D:2      | Reached skill level 4 in Polearms
   887 | D:2      | Reached XP level 3. HP: 10/31 MP: 2/2
   967 | D:2      | Noticed Robin
   981 | D:2      | Killed Robin
   994 | D:2      | Reached skill level 1 in Armour
  1590 | D:2      | Reached XP level 4. HP: 30/38 MP: 3/3
  1594 | D:2      | Found a white marble altar of Elyvilon.
  1698 | D:3      | Found a radiant altar of Vehumet.
  1896 | D:3      | Found a shimmering altar of Xom.
  1920 | D:3      | Reached XP level 5. HP: 34/46 MP: 4/4
  2249 | D:4      | Noticed Menkaure
  2259 | D:4      | Mangled by Menkaure

Vault maps used:
D:1:      lightli_arrival_isolated_outpost
D:2:      overflow_temple_1_default, uniq_robin
D:3:      overflow_temple_1_default, lemuel_doored_altar
D:4:      uniq_menkaure, uniq_natasha

Action                   |  1- 3 |  4- 6 || total
-------------------------+-------+-------++-------
Melee: Trident           |    99 |    59 ||   158
  Use: Scroll            |     7 |     3 ||    10
       Potion            |     5 |       ||     5
  Eat: Bread ration      |     1 |       ||     1
